Cogmind - Beta 16.1 @@@ ROGUE MODE // 2026.03.26 @ 12:41:48 Player: Xintrosi Result: Destroyed by 1I-AK0(R) with Subdweller Machine Gun Performance ------------- Evolutions (0) 0 Regions Visited (2) 400 Robots Destroyed (27) 135 Value Destroyed (755) 755 Prototype IDs (2) 40 Alien Tech Used (0) 0 Bonus (0) 0 TOTAL SCORE: 1330 Bonus ------- None Cogmind --------- Core Integrity 0/250 Matter 197/300 Energy 160/160 System Corruption 1% Temperature Cool (0) Movement Treading (160) Location -10/Subcaves Parts ------- > --- POWER (1) -------- Light Nuclear Core > --- PROPULSION (2) --- Light Treads Light Treads > --- UTILITY (2) ------ Large Storage Unit Seismic Detector > --- WEAPON (2) ------- Heavy Assault Rifle Subdweller Machine Gun > --- INVENTORY (15) --- Ion Engine Ion Engine Light Ion Engine Compact Wheel Improved Heat Sink Machine Analyzer Light Assault Rifle Grenade Launcher Mining Laser Mining Claw Peak State ------------ > --- POWER ------------ Light Nuclear Core > --- PROPULSION ------- Light Treads Light Treads > --- UTILITY ---------- Improved Heat Sink Large Storage Unit > --- WEAPON ----------- Heavy Assault Rifle Heavy Assault Rifle > --- INVENTORY -------- Ion Engine Ion Engine Light Ion Engine Compact Wheel Seismic Detector Light Assault Rifle Heavy Assault Rifle Grenade Launcher Mining Laser [Rating: 14] Favorites ----------- Power Light Ion Engine Engine Light Ion Engine Power Core Light Nuclear Core Propulsion Light Treads Treads Light Treads Utility Small Storage Unit Device Improved Heat Sink Storage Small Storage Unit Protection Light Armor Plating Weapon Heavy Assault Rifle Ballistic Gun Heavy Assault Rifle Build | -11 -10 -10 ------- Run | Yrd Mat Sub Slots Evolved . | . . . Power . | . . . Propulsion . | . . . Utility . | . . . Weapon . | . . . Parts Attached 20 | 7 11 2 Power 5 | 1 4 . Engine 4 | 1 3 . Core 1 | . 1 . Reactor . | . . . Propulsion 3 | 2 1 . Treads 3 | 2 1 . Leg . | . . . Wheel . | . . . Hover . | . . . Flight . | . . . Utility 5 | 2 3 . Device 2 | 1 1 . Storage 2 | 1 1 . Processor . | . . . Hackware . | . . . Protection 1 | . 1 . Artifact . | . . . Weapon 7 | 2 3 2 Energy Gun . | . . . Energy Cannon . | . . . Ballistic Gun 7 | 2 3 2 Ballistic Cannon . | . . . Launcher . | . . . Special Weapon . | . . . Impact Weapon . | . . . Slashing Weapon . | . . . Piercing Weapon . | . . . Special Melee Weapon . | . . . Unidentified Prototypes . | . . . Parts Lost 6 | . 3 3 Power 1 | . 1 . Propulsion 1 | . . 1 Utility 1 | . 1 . Weapon 3 | . 1 2 Highest Loss Streak 3 | . 2 3 To Critical Strikes . | . . . Average Backups 8 | 2 7 9 Power 1 | . 1 3 Propulsion 1 | . 1 1 Utility 1 | . 1 1 Weapon 3 | . 3 3 Tool/Special . | . . . Unused Backups 7 | . 1 6 Power 1 | . . 1 Propulsion 1 | . . 1 Utility 1 | . . 1 Weapon 4 | . 1 3 Tool/Special . | . . . Average Slot Usage (%) 99 | . 99 99 Engine 8 | . 12 . Core 5 | . 1 14 Treads 28 | . 28 28 Device 9 | . 8 14 Storage 14 | . 14 14 Protection 4 | . 5 . Ballistic Gun 27 | . 28 27 Peak Build Rating 14 | 7 14 14 Average Rating 10 | 5 10 12 On Entrance 7 | . 7 14 Avg Prop Armor Cover (%) . | . . . Naked Turns . | . . . Heaviest Build 33 | 11 32 33 Greatest Support 40 | 40 40 40 Greatest Overweight (x) . | . . . Average Overweight (x) . | . . . Largest Inventory Capacity 15 | 8 15 15 Average Capacity 10 | 7 9 15 Most Carried 11 | 3 11 11 Average Carried 8 | 2 7 9 Final Capacity 15 | 8 15 15 Final Carried 11 | 3 11 10 Class Distribution -------------------- 95% | Mutant 4% | Scavenger-Mutant Dominant Class ---------------- Mutant | -10/Materials Mutant | -10/Subcaves Resources | -11 -10 -10 ----------- Run | Yrd Mat Sub Matter Collected 679 | 176 344 159 Remotely . | . . . Salvage Created 896 | 23 654 219 Parts 62 | 2 48 12 Haulers Intercepted 2 | . 2 . Recyclers Shooed . | . . . Parts Field Recycled . | . . . Retrieved Matter . | . . . Parts Self-Destructed 7 | . . 7 Prevented . | . . . Parts Restored . | . . . Kills | -11 -10 -10 ------- Run | Yrd Mat Sub Combat Hostiles Destroyed 24 | . 18 6 Guns 24 | . 18 6 Classes Destroyed 5 | 1 3 1 Tunneler 1 | 1 . . Hauler 2 | . 2 . Swarmer 6 | . 6 . Grunt 12 | . 12 . Subdweller 6 | . . 6 Best Kill Streak 6 | 1 6 2 Combat Bots Only 6 | . 6 2 Max Kills in Single Turn 1 | 1 1 1 Gunslinging . | . . . Exploded . | . . . Melee . | . . . Uniques/NPCs Destroyed . | . . . Combat | -11 -10 -10 -------- Run | Yrd Mat Sub Hostile Shots Fired 106 | . 71 35 Missed 19 | . 14 5 Hits 87 | . 57 30 Projectile 87 | . 57 30 Critical Strikes 3 | . 1 2 Damage Taken 1308 | . 598 710 Core 257 | . 76 181 Absorbed by Shields . | . . . Core Remaining (%) 100 | 100 . . Volleys Fired 63 | 3 40 20 Largest 2 | 2 2 2 Hottest 53 | 40 46 53 Shots Fired 125 | 6 80 39 Gun 125 | 6 80 39 Cannon . | . . . Launcher . | . . . Special . | . . . Kinetic 125 | 6 80 39 Thermal . | . . . Explosive . | . . . Electromagnetic . | . . . Robot Hit Streak 24 | 3 5 24 Robot Miss Streak 2 | 2 2 1 Penetration Max . | . . . Secondary Targets 4 | . 2 2 Max Gunslinging Chain 1 | . 1 1 Shots Hit Robots 85 | 3 48 34 Core Hits 41 | 2 28 11 Critical Kills 1 | . 1 . Critical Parts Destroyed . | . . . Critical Strikes 1 | . 1 . Destroy 1 | . 1 . Melee Attacks . | . . . Impact . | . . . Slashing . | . . . Piercing . | . . . Sneak Attacks . | . . . Combat Hostiles . | . . . Follow-up Attacks . | . . . Damage Inflicted 1300 | 28 750 522 Guns 1300 | 28 750 522 Cannons . | . . . Explosions . | . . . Melee . | . . . Ramming . | . . . Kinetic 1300 | 28 750 522 Thermal . | . . . Explosive . | . . . Electromagnetic . | . . . Impact . | . . . Slashing . | . . . Piercing . | . . . Highest Corruption 1 | . 1 1 Average Corruption 1 | . 1 1 Corruption Purged . | . . . Corruption Blocked . | . . . Effects 8 | . 5 3 Message Errors 2 | . 2 . Matter Fused 4 | . 2 2 Heat Flow Errors 1 | . . 1 Energy Discharges 1 | . 1 . Overload Shots . | . . . Overflow Damage . | . . . Projectiles . | . . . Explosions . | . . . Melee . | . . . Knockbacks . | . . . Impact . | . . . Kinetic . | . . . Secondary . | . . . Self-Inflicted Damage . | . . . Shots . | . . . Rammed . | . . . Targets Rammed . | . . . Kicked . | . . . Crushed . | . . . Highest Temperature 261 | . 23 261 Average Temperature 47 | . 8 139 Received Heat Transfer 616 | . 177 439 Siege Activations . | . . . Martial Activations . | . . . Shielding Activations . | . . . Robots Disrupted . | . . . Combat Hostiles . | . . . Robots Corrupted . | . . . Combat Hostiles . | . . . Parts Fried . | . . . Impact Corruptions . | . . . Robots Melted . | . . . Combat Hostiles . | . . . Parts Melted 1 | . . 1 Heat Transferred . | . . . Parts Sabotaged . | . . . Parts Stolen . | . . . Parts Stripped . | . . . Power Chain Reactions . | . . . Alert | -11 -10 -10 ------- Run | Yrd Mat Sub Maximum Alert Level 1 | . 1 . Low Security (%) 90 | 100 89 . Level 1 9 | . 10 . Level 2 . | . . . Level 3 . | . . . Level 4 . | . . . Level 5 . | . . . High Security . | . . . Max Security . | . . . Peak Influence 242 | 5 242 . Initial . | . . . Average 83 | . 90 . Influence Increases 598 | 5 593 . Destroy 0b10 Robot/C 360 | . 360 . Destroy 0b10 Robot/NC 15 | 5 10 . Destroy Leader 94 | . 94 . Successful Hack 20 | . 20 . Select Force Hacks 30 | . 30 . Disable Machine 15 | . 15 . Destroy Structure 4 | . 4 . Lose Combat Pursuer 60 | . 60 . Influence Decreases 598 | 5 566 27 Entered New Map 14 | . . 14 Time Decay 404 | 5 386 13 Lost Part 30 | . 30 . Purge Threat 150 | . 150 . Squads Dispatched 5 | . 5 . Investigation 2 | . 2 . Extermination . | . . . Reinforcement 3 | . 3 . Assault . | . . . Garrison . | . . . Intercept . | . . . Searches Triggered . | . . . Construction Impeded . | . . . Haulers Reinforced . | . . . Active Scanning Responses . | . . . Cargo Convoy Interrupts . | . . . Stealth | -11 -10 -10 --------- Run | Yrd Mat Sub Distress Signals 5 | . 5 . Communications Jammed . | . . . Distress Signals . | . . . Times Spotted 45 | . 37 8 Peak Tracking Total 8 | . 8 2 Tactical Retreats 3 | . 3 . Traps | -11 -10 -10 ------- Run | Yrd Mat Sub Traps Triggered 2 | . 2 . Indirectly . | . . . Trap Hack Attempts . | . . . Triggered . | . . . Disarmed . | . . . Reprogrammed . | . . . Reused . | . . . Traps Extracted . | . . . Installed . | . . . Triggered . | . . . Machines | -11 -10 -10 ---------- Run | Yrd Mat Sub Machines Disabled 1 | . 1 . Max in Single Turn 1 | . 1 . Machines Repaired . | . . . Machines Dismantled . | . . . Machines Sabotaged . | . . . Overloaded Fab Kills . | . . . Hacking | -11 -10 -10 --------- Run | Yrd Mat Sub Machines Accessed 8 | . 7 1 Terminals 5 | . 5 . Fabricators . | . . . Repair Stations . | . . . Recycling Units 2 | . 2 . Scanalyzers . | . . . Garrison Access . | . . . Total Hacks 26 | . 23 3 Successful 16 | . 13 3 Failed 10 | . 10 . Catastrophic . | . . . Database Lockouts . | . . . Manual 15 | . 15 . Terminals 17 | . 17 . Fabricators . | . . . Repair Stations . | . . . Recycling Units 6 | . 6 . Scanalyzers . | . . . Garrison Access . | . . . Terminal Hacks 5 | . 2 3 Record 3 | . . 3 Prototype ID Bank 1 | . 1 . Unreport Threat 1 | . 1 . Fabricator Hacks . | . . . Repair Station Hacks . | . . . Recycling Unit Hacks 2 | . 2 . Report Inventory 2 | . 2 . Scanalyzer . | . . . Garrison Access Hacks . | . . . Unauthorized Hacks 9 | . 9 . Terminals 8 | . 8 . Botnet 3 | . 3 . Skim 5 | . 5 . Fabricators . | . . . Repair Stations . | . . . Recycling Units 1 | . 1 . Tunnel 1 | . 1 . Scanalyzers . | . . . Garrison Access . | . . . Data Cores Recovered . | . . . Used . | . . . Hacking Detections 4 | . 4 . Full Trace Events 1 | . 1 . Feedback Events . | . . . Feedback Blocked . | . . . Robot Schematics Acquired . | . . . Robots Built . | . . . Authchips . | . . . Time . | . . . Total Robot Build Rating . | . . . Part Schematics Acquired . | . . . Parts Built . | . . . Authchips . | . . . Time . | . . . Total Part Build Rating . | . . . Part Studies Acquired . | . . . Parts Repaired . | . . . Time . | . . . Parts Recycled . | . . . Recycled Matter . | . . . Retrieved Matter . | . . . Retrieved Components . | . . . Parts Scanalyzed . | . . . Part Schematics Acquired . | . . . Parts Damaged . | . . . Bothacking | -11 -10 -10 ------------ Run | Yrd Mat Sub Used RIF Installer . | . . . Robots Hacked . | . . . Non-combat . | . . . Combat . | . . . Robot Hacks Applied . | . . . Relay Couplers Released . | . . . Fabnet Peak Effective % . | . . . Robots Rewired . | . . . Allies Hacked . | . . . Hacks Repelled . | . . . Allies | -11 -10 -10 -------- Run | Yrd Mat Sub Total Allies . | . . . Largest Group . | . . . Highest-Rated Group . | . . . Highest-Rated Ally . | . . . Total Orders . | . . . Ally Attacks . | . . . Total Damage . | . . . Kills . | . . . Allies Corrupted . | . . . Allies Melted . | . . . Intel | -11 -10 -10 ------- Run | Yrd Mat Sub Active Infowar (turns) 262 | 11 55 196 Seismic 262 | 11 55 196 Robot Analysis Total . | . . . Derelict Logs Recovered . | . . . Drone Launches . | . . . Drone Recoveries . | . . . Exploration | -11 -10 -10 ------------- Run | Yrd Mat Sub Turns Passed 1617 | 87 1058 472 Spaces Moved 846 | 46 553 247 Core 6 | 6 . . Treads 840 | 40 553 247 Legs . | . . . Wheels . | . . . Hover . | . . . Flight . | . . . Fastest Speed 50 | 50 160 160 Average Speed 159 | 145 160 160 Slowest Speed 160 | 160 160 160 Overloaded Moves . | . . . Propulsion Burnouts . | . . . Robots Hopped . | . . . Potential Cave-ins . | . . . Cave-ins Triggered . | . . . Exploration Rate (%) 40 | 4 95 22 Regions Visited 2 Branch Regions 1 Pre-discovered Areas 3 | . 2 1 Known Exits Taken . | . . . Unknown Exits Taken 2 | 1 1 . Scrap Searched . | . . . Spaces Dug . | . . . Terrain Destroyed . | . . . Melee . | . . . Projectile . | . . . AOE . | . . . Terrain Rammed . | . . . Walls Destroyed . | . . . Machines Disabled . | . . . Actions | -11 -10 -10 --------- Run | Yrd Mat Sub Total 990 | 58 646 286 Wait 43 | . 31 12 Move 844 | 45 552 247 Hop . | . . . Pick Up 10 | 3 6 1 Fast Attach 11 | 7 3 1 Attach 5 | . 2 3 Detach 3 | . 2 1 Swap 7 | . 6 1 Drop 4 | . 4 . Fire 63 | 3 40 20 Melee . | . . . Ram . | . . . Kick . | . . . Crush . | . . . Escape Stasis . | . . . Rewire . | . . . Trap . | . . . Miscellaneous . | . . . Route ------- -11/Scrapyard -10/Materials (discovered 5 exits: *Mat x3 / [*Min] / *Sub) -10/Subcaves (discovered 2 exits: Mat x2) History --------- Turn | Location | Event 7 | -11/Scrapyard | Discovered new exit (range 16) 88 | -11/Scrapyard | Entered Materials 305 | -10/Materials | Build established: Mutant 426 | -10/Materials | Discovered new exit (range 11) 500 | -10/Materials | Discovered new exit (range 10) 679 | -10/Materials | Discovered new exit (range 15) 830 | -10/Materials | Discovered new exit (range 16) 912 | -10/Materials | Identified exit to Materials 1002 | -10/Materials | Learned location of 1 exit from Storage 1054 | -10/Materials | Learned location of Mines (-10) 1065 | -10/Materials | Learned 2 Storage zone layouts 1086 | -10/Materials | Learned Storage stockpile data 1117 | -10/Materials | Learned Storage non-interactive machine intel 1146 | -10/Materials | Entered Subcaves 1147 | -10/Subcaves | Approached by a straggling Scientist 1147 | -10/Subcaves | Identified exit to Materials 1177 | -10/Subcaves | Core integrity fell below 50% 1287 | -10/Subcaves | Core integrity fell below 20% 1318 | -10/Subcaves | Learned location of Zion (-7) 1318 | -10/Subcaves | Met a Zionite searching for "candidates" 1319 | -10/Subcaves | Lost 3 parts (1n2w) 1434 | -10/Subcaves | Visited Clippyterm 1438 | -10/Subcaves | Learned Factory fabricator intel 1618 | -10/Subcaves | Destroyed by 1I-AK0(R) with Subdweller Machine Gun Last Messages --------------- with the algorithm, because no matter how much data I collect to feed it, half the time it still manages to suggest unhelpful sample queries and responses. --DD-NU8 >>Record! "Authchips" It looks like you're interested in fabrication without breaking the rules, would you like help? Data stored: Factory fabricator intel. >>Record! "Optimus" It looks like you're curious about the current leader of 0bPrime. Optimus is well liked, but certainly not being up front with the UFD as a whole. 01450_ System corrupted: Matter fused (-8). 01525_ S2-S1E(R) destroyed. 01527_ E5-4HX(O) collects matter. 01550_ Acquired Sub. Machine Gun. 01617_ ZV-6BX(R) destroyed. 01618_ 1I-AK0(R): "WORD!" Map ----- +----------------------------------------------------+ | | | | | | | | | | | | | | | | | | | | | | | | | ?????????????????????????????????????????????????? | | ?????????????????????????????????????????????????? | | ?????????????????????????????????????????????????? | | ?????????????????????????????????????????????????? | | ?????????????????????????????????????????????????? | | ?????????????????????????????????????????????????? | | ?????????????????????????????????????????????????? | | ??????????????????# "????????????????????????????? | | ??????????????????#"""???????????????????????????? | | ??????????????????#"""???????????????????????????? | | ??????????????????#" "??????????????????????????? | | ??????????????????# " ??????????????????????????? | | ??????????????????#" """######???????????????????? | | ???????????????????#" #@ #???????????????????? | | ???????????????????#" =R& ##?????###???????????? | | ???????????????????## ## <#???## ##????######? | | ????????????????????#####" ###? #????# ## | | ????????????????????### < ## #??### | | ?????????????????# #??## | | ????????????????# ## ###??# | | ???????????????# ###### #????# | | ???????????????## ?????# ###????#### | | ????????????????# #####????## ####?????## | | ???????????????# ?????????# # ##???## | | ?????????????? ??????????## ##??# | | ?????????????? ?????????????# #?## ## | | ??????????????? ??????????????# ### ## | | ??????????????????????????????# | | ??????????????????????????????## # | | ???????????????????????????????#### ## % ### | | ??????????????????????????????????# ### #?? | | ??????????????????????????????????# ## ### ? | | ?????????????????????????????????# ### % ### | | ???????????????????????????????? #?## ?# | | ???????????????????????????????### #??### # | | ?????????????????????????????????# ????? | | ?????????????????????????????????# ????? # | | ????????????????????????????????? #????? | +----------------------------------------------------+ Best States ------------- Heat Dissipation 39 Energy Generation 14 Energy Capacity 250 Matter Stores 300 Matter Capacity 300 Sight Range 16 Terrain Scan Density 10 Armor Coverage 150 Evasion (%) 40 Recoil Reduction 2 Item Schematics ----------------- None Robot Schematics ------------------ None Fabricated ------------ Nothing Repaired ---------- Nothing Studied --------- None Alien Tech Used ----------------- None Achievements -------------- None Challenges ------------ None Game ------ Seed SchematicAluminumMindspike Manual? 0 Play Time 00:14:47 Cumulative 165.0 hours Start 2026.03.26 @ 12:26:12 End 2026.03.26 @ 12:41:48 Sessions 1 Manual Loads 0 Difficulty Rogue Special Mode None Game No. 68 Rogue 68 Adventurer 0 Explorer 0 Win Type - Total 4 Types 2/0/0/2/0/0/0/0/0/0 Lore% 39 Gallery% 52 Achievement% 43 Wizard Run 0 Options --------- Layout 2 ASCII 0 Keyboard 1 Movement Numpad Keybinds 0 Fullscreen 2 Font 24/Smallcaps Map View 50x44 Zoom Use 0% Tactical HUD 1 Map Filters NONE Filters NONE Steam 1 RUN: b3f7b353-f021-4f51-ba24-3008362ee70e